 Dungeon Crawl Stone Soup version 0.29.1-1-gd02db6906a (webtiles) character file.

Game seed: 1143137591490310390

93 warriortoast the Conjurer (level 4, 0/24 HPs)
             Began as a Deep Elf Conjurer on Oct 18, 2022.
             Slain by Ijyb
             ... wielding a +0 dagger
              (5 damage)
             ... on level 2 of the Dungeon.
             The game lasted 00:04:55 (2791 turns).

warriortoast the Conjurer (Deep Elf Conjurer)       Turns: 2791, Time: 00:04:57

Health: 0/24       AC:  2    Str:  4    XL:     4   Next: 36%
Magic:  5/13       EV: 12    Int: 25    God:
Gold:   84         SH:  0    Dex: 13    Spells: 9/13 levels left

rFire   . . .      SeeInvis .   p - +3 short sword
rCold   + . .      Faith    .   (no shield)
rNeg    . . .      Spirit   .   a - +0 robe
rPois   .          Reflect  .   (no helmet)
rElec   .          Harm     .   (no cloak)
rCorr   .          Rampage  .   (no gloves)
Will    .....                   (no boots)
Stlth   ++........              (no amulet)
HPRegen 0.08/turn               l - ring of protection from cold
MPRegen 0.13/turn               (no ring)

@: no status effects
A: no striking features
a: no special abilities


You were on level 2 of the Dungeon.
You visited 1 branch of the dungeon, and saw 3 of its levels.

You collected 84 gold pieces.

Inventory:

Hand Weapons
 p - a +3 short sword (weapon)
Armour
 a - a +0 robe (worn)
Jewellery
 l - a ring of protection from cold (left hand)
 n - a ring of fire
Scrolls
 d - 3 scrolls of magic mapping {unknown}
 f - 3 scrolls of identify {unknown}
 g - a scroll of blinking {unknown}
 h - 2 scrolls of teleportation {unknown}
 i - 2 scrolls of summoning {unknown}
 j - a scroll of vulnerability {unknown}
 m - 2 scrolls of poison {unknown}
 r - a scroll of fear {unknown}
Potions
 b - 2 potions of magic
 c - a potion of curing {unknown}
 e - a potion of might {unknown}
 k - a potion of haste {unknown}
 o - 2 potions of ambrosia {unknown}
 q - a potion of lignification {unknown}


   Skills:
 - Level 2.4 Dodging
 - Level 2.4 Stealth
 + Level 5.0 Spellcasting
 + Level 5.5 Conjurations


You had 9 spell levels left.
You knew the following spells:

 Your Spells              Type           Power      Damage    Failure   Level
a - Magic Dart            Conj           100%       1d8       1%          1
b - Dazzling Flash        Conj/Hex       40%        N/A       8%          3

Your spell library contained the following spells:

 Spells                   Type           Power      Damage    Failure   Level
 Searing Ray              Conj           66%        2d6       1%          2
 Slow                     Hex            24%        N/A       9%          1
 Blink                    Tloc           12%        N/A       12%         2
 Confusing Touch          Hex            6%         N/A       24%         3
 Lesser Beckoning         Tloc           6%         N/A       24%         3
 Vampiric Draining        Necr           6%         2d6       24%         3
 Fulminant Prism          Conj/Hex       10%        3d9       26%         4
 Hailstorm                Conj/Ice       20%        3d6       26%         4
 Iskenderun's Mystic Bla  Conj/Tloc      20%        2d6       26%         4
 Ice Form                 Ice/Tmut       6%         N/A       63%         4
 Manifold Assault         Tloc           6%         N/A       92%         5
 Simulacrum               Ice/Necr       3%         N/A       100%        6


Dungeon Overview and Level Annotations

Branches:
Dungeon (3/15)

Altars:
Uskayaw

Annotations:
D:2 Ijyb
D:3 Terence


Message History

Confirm with . or Enter, or press ? or * to list all spells.
Aiming: Magic Dart (safe; 1% risk of failure)
Press: ? - help, Shift-Dir - straight line, f/p - Ijyb
Aim: Ijyb, wielding a +0 dagger, wearing a +0 chain mail and carrying a wand of digging (3) (100% to hit)
The magic dart hits Ijyb but does no damage.
Ijyb hits you with a +0 dagger.
* * * LOW HITPOINT WARNING * * *
Casting: Magic Dart (safe; 1% risk of failure)
Confirm with . or Enter, or press ? or * to list all spells.
Aiming: Magic Dart (safe; 1% risk of failure)
Press: ? - help, Shift-Dir - straight line, f/p - Ijyb
Aim: Ijyb, wielding a +0 dagger, wearing a +0 chain mail and carrying a wand of digging (3) (100% to hit)
The magic dart hits Ijyb.
Ijyb is lightly wounded.
Ijyb barely misses you.
Casting: Magic Dart (safe; 1% risk of failure)
Confirm with . or Enter, or press ? or * to list all spells.
Aiming: Magic Dart (safe; 1% risk of failure)
Press: ? - help, Shift-Dir - straight line, f/p - Ijyb
Aim: Ijyb, wielding a +0 dagger, wearing a +0 chain mail and carrying a wand of digging (3) (lightly wounded, 100% to hit)
The magic dart hits Ijyb.
Ijyb is lightly wounded.
Ijyb misses you.
Casting: Magic Dart (safe; 1% risk of failure)
Confirm with . or Enter, or press ? or * to list all spells.
Aiming: Magic Dart (safe; 1% risk of failure)
Press: ? - help, Shift-Dir - straight line, f/p - Ijyb
Aim: Ijyb, wielding a +0 dagger, wearing a +0 chain mail and carrying a wand of digging (3) (lightly wounded, 100% to hit)
The magic dart hits Ijyb but does no damage.
Ijyb is lightly wounded.
Ijyb closely misses you.
Casting: Magic Dart (safe; 1% risk of failure)
Confirm with . or Enter, or press ? or * to list all spells.
Aiming: Magic Dart (safe; 1% risk of failure)
Press: ? - help, Shift-Dir - straight line, f/p - Ijyb
Aim: Ijyb, wielding a +0 dagger, wearing a +0 chain mail and carrying a wand of digging (3) (lightly wounded, 100% to hit)
The magic dart hits Ijyb.
Ijyb is moderately wounded.
Ijyb hits you with a +0 dagger.
You die...

#.# #<# #.# #.######
#......# #..###.#
#..###.#######
#####..##........######
...............g@.....#
####.........#.#.###.##
..(#.........#.#.# #.#
##.#.............# #.#
##.#.#########.#.# #.#
##.#.# #.......#.# #.#
##.#.###.#######.###.#
.......#.# #........#
##...#.#.# #.##.#####


You could see Ijyb.

Vanquished Creatures
  3 adders (D:2)
  3 worms (D:2)
  2 dart slugs
  4 orcs
  7 endoplasms
  A giant cockroach (D:1)
  5 goblins
  2 hobgoblins (D:1)
  2 quokkas (D:1)
  2 ball pythons
  3 bats
  5 frilled lizards
  6 kobolds
  2 rats (D:2)
47 creatures vanquished.

Notes
Turn   | Place    | Note
-------+----------+-------------------------------------------
     0 | D:1      | warriortoast the Deep Elf Conjurer began the quest for the
                  | Orb.
     0 | D:1      | Reached XP level 1. HP: 10/10 MP: 6/6
   163 | D:1      | Reached XP level 2. HP: 15/15 MP: 1/8
   909 | D:2      | Reached skill level 5 in Conjurations
   909 | D:2      | Reached XP level 3. HP: 19/19 MP: 2/10
   913 | D:2      | Learned a level 3 spell: Dazzling Flash
  2369 | D:2      | Reached XP level 4. HP: 24/24 MP: 6/12
  2629 | D:3      | Found a hide-covered altar of Uskayaw.
  2725 | D:3      | Reached skill level 5 in Spellcasting
  2766 | D:3      | Noticed Ijyb
  2768 | D:3      | Noticed Terence
  2791 | D:2      | Slain by Ijyb

Illustrated notes

Levels and vault maps discovered:
D:1:      scummos_arrival_hexagon, layout_loops_cross, minmay_tetromino_i2
D:2:      layout_basic, grunt_ministairs_14, kennysheep_boxes
D:3:      layout_basic, eat_drink_and_be_merry_uskayaw, vehumet_crystals,
          chequers_ecumenical_altar_simple, uniq_terence, uniq_ijyb,
          uniq_crazy_yiuf_cottage

Skill      XL: |  1  2  3  4 |
---------------+-------------+-----
Spellcasting   | 4 5 |  5.0
Conjurations   | 5 |  5.5
Dodging        | |  2.4
Stealth        | |  2.4

Action                   |  1- 3 |  4- 6 || total
-------------------------+-------+-------++-------
Melee: Unarmed           |     4 |       ||     4
 Cast: Magic Dart        |    94 |    24 ||   118
Dodge: Dodged            |     1 |     3 ||     4
